 Dungeon Crawl Stone Soup version 0.18-a0-721-g8fc53f4 (webtiles) character file.

33119 Raultor the Severer (level 13, -5/178 HPs)
             Began as a Minotaur Berserker on Dec 8, 2015.
             Was a High Priest of Trog.
             Slain by a death yak (17 damage)
             ... on level 5 of the Lair of Beasts.
             The game lasted 00:55:24 (15465 turns).

Raultor the Severer (Minotaur Berserker)           Turns: 15465, Time: 00:55:24

Health: -5/178     AC: 19    Str: 28    XL:     13   Next: 35%
Magic:  13/14      EV: 14    Int: 10    God:    Trog [*****.]
Gold:   584        SH:  0    Dex: 12    Spells: 0 memorised, 12 levels left

rFire  . . .     SeeInvis .     a - +2 war axe (venom)
rCold  + . .     Clarity  .     l - +1 chain mail
rNeg   + . .     SustAt   +     (no shield)
rPois  .         Gourm    .     I - +0 hat {MR+}
rElec  +         Spirit   .     x - +2 cloak of Autumn {-Tele rElec Int+4}
rCorr  .         Dismiss  +     q - +0 pair of gloves {rC+}
rMut   .         NoTele   +     E - +0 pair of boots
MR     +++..                    r - amulet of dismissal
Stlth  ..........               W - ring of positive energy {rN+}
                                o - ring of sustain attributes

@: berserking, regenerating, drained, very quick, extremely resistant to hostile
enchantments, extremely unstealthy
A: retaliatory headbutt, horns 2
a: Berserk, Trog's Hand, Brothers in Arms, Burn Spellbooks, Renounce Religion


You were on level 5 of the Lair of Beasts.
You worshipped Trog.
Trog was extremely pleased with you.
You were not hungry.

You visited 2 branches of the dungeon, and saw 16 of its levels.
You also visited: Ice Cave.

You collected 782 gold pieces.
You spent 198 gold pieces at shops.

Inventory:

Hand Weapons
 a - a +2 war axe of venom (weapon)
   (You bought it in a shop on level 6 of the Dungeon)
 Q - the +6 flail of Raclaoli {crush, +Blink rElec Dex+2 SInv}
   (You found it on level 2 of the Lair of Beasts)

   It inflicts extra damage upon your enemies.
   It affects your dexterity (+2).
   It insulates you from electricity.
   It lets you see invisible.
   It lets you blink.
Missiles
 m - 3 steel javelins (quivered)
 T - 3 throwing nets {=f, !d}
Armour
 l - a +1 chain mail (worn)
   (You found it on level 2 of the Dungeon)
 q - a +0 pair of gloves of cold resistance (worn)
   (You found it in an ice cave)
 x - the +2 cloak of Autumn (worn) {-Tele rElec Int+4}
   (You found it on level 5 of the Lair of Beasts)

   It affects your intelligence (+4).
   It insulates you from electricity.
   It prevents most forms of teleportation.
 E - a +0 pair of boots (worn)
   (You found it on level 7 of the Dungeon)
 I - a +0 hat of magic resistance (worn)
   (You took it off Gastronok on level 8 of the Dungeon)
 X - the +0 shield of Limitation {rF+ Slay+3}
   (You found it on level 11 of the Dungeon)

   It affects your accuracy and damage with ranged weapons and melee attacks
   (+3).
   It protects you from fire.
Jewellery
 o - a ring of sustain attributes (left hand)
   (You found it on level 3 of the Dungeon)
 r - an amulet of dismissal (around neck)
   (You found it on level 3 of the Dungeon)
 W - a ring of positive energy (right hand) {rN+}
   (You found it on level 1 of the Lair of Beasts)
Wands
 j - a wand of polymorph (12)
   (You found it on level 5 of the Lair of Beasts)
 z - a wand of slowing (40)
   (You found it on level 6 of the Dungeon)
 B - a wand of lightning (15)
   (You found it on level 5 of the Dungeon)
 D - a wand of hasting (5)
   (You found it on level 3 of the Lair of Beasts)
 H - a wand of teleportation (3)
   (You found it on level 8 of the Dungeon)
 P - a wand of polymorph (14)
   (You found it on level 9 of the Dungeon)
 S - a wand of digging (16)
   (You found it on level 10 of the Dungeon)
 Y - a wand of paralysis (13)
   (You found it on level 11 of the Dungeon)
Scrolls
 b - 3 scrolls of magic mapping {!r}
 e - 2 scrolls of enchant armour
 g - 9 scrolls of identify
 k - 3 scrolls of recharging
 n - a scroll of enchant weapon
 p - a scroll of vulnerability {unknown}
 C - 8 scrolls of remove curse
 K - a scroll of fear
 L - 2 scrolls of fog
 V - a scroll of teleportation
Potions
 f - 5 potions of curing
 h - 2 potions of flight
 s - 6 potions of invisibility
 v - a potion of cure mutation {!q}
 w - 2 potions of heal wounds
 F - a potion of cancellation
 J - 5 potions of agility
 Z - a potion of resistance
Books
 G - a book of Debilitation
   (You found it on level 8 of the Dungeon)
 M - a book of Battle
   (You found it on level 9 of the Dungeon)
 O - a book of Minor Magic
   (You found it on level 9 of the Dungeon)
Comestibles
 c - 9 bread rations {@e1}
 d - 6 slices of pizza
 i - 6 meat rations {@e2}
 u - 11 beef jerkies
 A - 10 royal jellies


   Skills:
 + Level 12.9(11.9) Fighting
 - Level 16.0(15.0) Axes
 + Level 12.4(11.5) Armour
 + Level 11.6(10.7) Dodging
 + Level 2.7(2.0) Evocations


You had 12 spell levels left.
You didn't know any spells.

Dungeon Overview and Level Annotations

Branches:
Dungeon (11/15)            Temple (0/1) D:4            Lair (5/8) D:9
  Swamp (0/4) Lair:5       Spider (0/4) Lair:5          Orc (0/4) D:11

Altars:
Ashenzari
Cheibriados
Dithmenos
Gozag
Pakellas
Qazlal
Ru

Shops:
D:6 (   D:7 *(   D:8 [   D:9 %

Annotations:
D:11 exclusion: oklob sapling
Lair:1 exclusion: 3 oklob plants


Innate Abilities, Weirdness & Mutations

You reflexively headbutt those who attack you in melee.
You have a pair of horns on your head.


Message History

You slash the white imp!
You kill the white imp!
Trog accepts your kill.
You hit the ice devil but do no damage.
You headbutt the ice devil, but do no damage.
The ice devil hits you. Something freezes you. You resist.
You take 7 damage, and have 98/119 hp.
You are engulfed in freezing vapours.
You resist.
You take 11 damage, and have 91/119 hp.
You are engulfed in freezing vapours.
You resist.
You are engulfed in freezing vapours.
You resist.
You take 1 damage, and have 90/119 hp.
You are engulfed in freezing vapours.
You resist.
You take 1 damage, and have 89/119 hp.
You are engulfed in freezing vapours.
You resist.
You take 6 damage, and have 83/119 hp.
You are engulfed in freezing vapours.
You resist.
You take 2 damage, and have 82/119 hp.
You are engulfed in freezing vapours.
You resist.
You take 10 damage, and have 72/119 hp.
The ice devil is too close now for your liking.
You regained 10 hp, and now have 82/119 hp.
The ice devil hits you but does no damage.
You barely miss the ice devil.
You headbutt the ice devil, but do no damage.
The ice devil hits you. The ice devil freezes you. You resist.
You take 5 damage, and have 78/119 hp.
You closely miss the ice devil.
You headbutt the ice devil, but do no damage.
The ice devil closely misses you.
You slice the ice devil!! Your headbutt misses the ice devil.
You slash the ice devil!
You kill the ice devil!
Trog accepts your kill.
No target in view!
There is an ice choked empty arch of ancient stone here.
There is an ice covered gate leading back out of this place here.
You regained 2 hp, and now have 80/119 hp.
Welcome back to the Lair of Beasts! x2
There is a collapsed entrance here.
A death yak comes into view.
The death yak bellows!
A death yak comes into view.
You regained 3 hp, and now have 84/119 hp.
A death yak comes into view.
Your skin crawls.
You feel resistant to hostile enchantments.
You are feeling very hungry.
The death yak bellows!
The death yak moves out of view.
You're too hungry to go berserk.
Eat which item? (? for menu, Esc to quit)
Mmm...
Pepperoni.
Okay, then.
Your chain mail prevents you from hitting the death yak.
The death yak gores you!
You take 11 damage, and have 76/119 hp.
You hit the death yak but do no damage. The death yak gores you!
You take 15 damage, and have 61/119 hp.
A red film seems to cover your vision as you go berserk!
You feel yourself moving faster!
You feel mighty!
You feel somewhat more hungry.
The death yak gores you but does no damage.
The death yak gores you!
You now have 82/178 hp.
You hit the death yak.
The death yak is poisoned.
You headbutt the death yak. You hit the death yak.
The death yak is poisoned.
The death yak closely misses you.
You barely miss the death yak. You headbutt the death yak.
You hit the death yak but do no damage. The death yak gores you!
You take 9 damage, and have 73/178 hp.
You slash the death yak!
The death yak looks even sicker.
You headbutt the death yak, but do no damage.
You hit the death yak.
The death yak looks even sicker.
The death yak gores you!
You take 11 damage, and have 62/178 hp.
You barely miss the death yak.
You headbutt the death yak, but do no damage.
You slash the death yak! x2
The death yak is poisoned.
The death yak gores you!
* * * LOW HITPOINT WARNING * * *
You take 12 damage, and have 50/178 hp.
You slice the death yak!! Your headbutt misses the death yak.
You slash the death yak! You hit the death yak. The death yak gores you!!
* * * LOW HITPOINT WARNING * * *
The death yak gores you!!
* * * LOW HITPOINT WARNING * * *
You take 40 damage, and have 10/178 hp.
MASSIVE DAMAGE!!
You are too berserk!
You slice the death yak!!
You feel the power of Trog in you as your rage grows.
You kill the death yak!
Trog accepts your kill.
You slash the death yak! You hit the death yak. You slash the death yak! x2
The death yak gores you!
You die...

####P* ##......### #(...#*
#.........#
###....*###....#....#
###.#...###..#..#.#...#
#P.............#...#...
*#..............#.#...#
*................#.....
**#.#Y.....##P.........
**#..†@...###..........
*#....Y..P## #.....P....
#...##.#.## ##....P.....
##.,,########P...P......
*,,*,,*,...PPPP..P#....
**,,,,,,,.......P..P....
*,,,*,,,*P..............
****,,,,****#.###..........
****,*,,,,,*
##*#...........


You could see 2 death yaks.

Vanquished Creatures
  Gastronok (D:8)
  Erolcha (D:8)
  Harold (Lair:2)
  2 hydras
  A catoblepas (Lair:4)
  A death yak (Lair:5)
  A tengu warrior (D:11)
  Nergalle (Lair:4)
  Pikel (D:7)
  A hill giant (D:11)
  3 ugly things
  2 cyclopes (D:11)
  A manticore (D:10)
  Joseph (D:7)
  2 ice statues (IceCv)
  A gargoyle (D:11)
  A black mamba (Lair:3)
  6 spiny frogs
  8 komodo dragons
  4 blink frogs (Lair:1)
  A queen bee (Lair:2)
  9 ice devils (IceCv)
  Prince Ribbit (D:8)
  Grinder (D:5)
  Sigmund (D:4)
  A deep elf mage (D:11)
  19 yaks
  A shadow (D:11)
  A basilisk (Lair:3)
  A hippogriff (Lair:4)
  A hungry ghost (D:8)
  Menkaure (D:4)
  Edmund (D:4)
  Duvessa (D:4)
  4 water moccasins
  An eye of draining (D:11)
  9 wolves (Lair:3)
  3 orc warriors
  4 sky beasts
  2 ice beasts
  4 phantoms
  5 porcupines
  2 wasps (D:11)
  3 slaves (D:7)
  2 centaurs
  5 ogres
  Blork the orc (D:4)
  8 crocodiles
  2 big kobolds
  2 wyvern skeletons
  Dowan (D:4)
  8 giant frogs
  A gnoll sergeant (D:11)
  4 scorpions
  43 killer bees
  A quasit (D:7)
  6 wights
  3 crimson imps
  5 hounds
  2 giant frog skeletons
  5 centaur skeletons
  6 orc priests
  4 jellies
  8 iguanas
  18 orc wizards
  5 worker ants
  A hound zombie (D:9)
  A worker ant zombie (D:10)
  9 gnolls
  6 river rats (Lair:3)
  14 adders
  2 shadow imps
  6 white imps (IceCv)
  7 ufetubi (IceCv)
  An ooze (D:4)
  An adder skeleton (D:7)
  An adder zombie (D:9)
  A worm (D:2)
  2 giant geckos
  31 orcs
  3 bats
  3 giant cockroaches
  4 goblins
  4 hobgoblins
  6 jackals
  2 quokkas
  10 ball pythons
  A giant gecko skeleton (D:4)
  A giant gecko zombie (D:7)
  4 giant newts
  A jackal skeleton (D:4)
  10 kobolds
  A quokka skeleton (D:4)
  2 quokka zombies
  3 rats
  9 plants
404 creatures vanquished.

Vanquished Creatures (collateral kills)
  A hydra (Lair:2)
  A crocodile (Lair:2)
2 creatures vanquished.

Vanquished Creatures (others)
  The ghost of stickyfingers the Covert, a journeyman OpAs of Lugonu (IceCv)
  A killer bee (Lair:2)
  A hound (D:7)
  4 ufetubi (IceCv)
  A bush (D:11)
  11 plants
19 creatures vanquished.

Grand Total: 425 creatures vanquished

Notes
Turn   | Place    | Note
--------------------------------------------------------------
     0 | D:1      | Raultor the Minotaur Berserker began the quest for the Orb.
     0 | D:1      | Reached XP level 1. HP: 19/19 MP: 0/0
   351 | D:2      | Reached skill level 4 in Axes
   351 | D:2      | Reached XP level 2. HP: 20/27 MP: 1/1
   947 | D:2      | Reached XP level 3. HP: 28/33 MP: 2/2
  1031 | D:3      | Reached skill level 4 in Fighting
  1034 | D:3      | Reached skill level 3 in Armour
  1259 | D:3      | Reached skill level 3 in Dodging
  1259 | D:3      | Reached XP level 4. HP: 30/40 MP: 3/3
  1522 | D:3      | Reached ** piety under Trog
  1547 | D:3      | Reached skill level 5 in Axes
  1569 | D:3      | Reached XP level 5. HP: 26/47 MP: 4/4
  2144 | D:4      | Noticed Edmund
  2154 | D:4      | Killed Edmund
  2154 | D:4      | Reached skill level 4 in Armour
  2154 | D:4      | Reached XP level 6. HP: 55/55 MP: 5/5
  2338 | D:4      | Noticed Menkaure
  2345 | D:4      | Killed Menkaure
  2345 | D:4      | Reached skill level 5 in Fighting
  2345 | D:4      | Reached skill level 6 in Axes
  2345 | D:4      | Reached skill level 4 in Dodging
  2481 | D:4      | Noticed Blork the orc
  2492 | D:4      | Killed Blork the orc
  2558 | D:4      | Noticed Sigmund
  2569 | D:4      | Reached XP level 7. HP: 61/61 MP: 6/6
  2584 | D:4      | Killed Sigmund
  2584 | D:4      | Reached skill level 7 in Axes
  2584 | D:4      | Reached skill level 5 in Armour
  2684 | D:4      | Noticed Duvessa
  2685 | D:4      | Noticed Dowan
  2713 | D:4      | Killed Duvessa
  2887 | D:4      | Killed Dowan
  2938 | D:4      | Reached skill level 5 in Dodging
  2972 | D:4      | Reached skill level 6 in Fighting
  2972 | D:4      | Reached XP level 8. HP: 18/70 MP: 7/7
  3359 | D:4      | Reached skill level 8 in Axes
  3373 | D:4      | Found a staircase to the Ecumenical Temple.
  3412 | D:5      | Entered Level 5 of the Dungeon
  3888 | D:5      | Found a snail-covered altar of Cheibriados.
  3899 | D:5      | Reached skill level 6 in Armour
  4065 | D:5      | Noticed Grinder
  4414 | D:5      | Killed Grinder
  4414 | D:5      | Reached skill level 9 in Axes
  4494 | D:6      | Reached *** piety under Trog
  4581 | D:6      | Reached skill level 6 in Dodging
  4972 | D:6      | Found Dezuz's Antique Weapon Emporium.
  4978 | D:6      | Bought a runed war axe for 101 gold pieces
  4998 | D:6      | Found a shattered altar of Ashenzari.
  5002 | D:6      | Reached skill level 7 in Fighting
  5182 | D:7      | Noticed Pikel
  5185 | D:7      | Noticed Joseph
  5188 | D:7      | Killed Pikel
  5188 | D:7      | Reached skill level 10 in Axes
  5188 | D:7      | Reached skill level 7 in Armour
  5188 | D:7      | Reached XP level 9. HP: 79/79 MP: 8/8
  5354 | D:7      | Found Moqeh's General Store.
  5377 | D:7      | Killed Joseph
  5412 | D:7      | Bought a scroll of enchant armour for 97 gold pieces
  5463 | D:7      | Reached skill level 7 in Dodging
  5690 | D:7      | Found Towunilo's Antique Weapon Boutique.
  5782 | D:8      | Reached skill level 8 in Fighting
  5877 | D:8      | Noticed Erolcha
  5894 | D:8      | Killed Erolcha
  5894 | D:8      | Reached skill level 11 in Axes
  5894 | D:8      | Reached skill level 8 in Armour
  5894 | D:8      | Reached XP level 10. HP: 55/90 MP: 9/9
  6056 | D:8      | Found Civennops's Armour Boutique.
  6057 | D:8      | Noticed Prince Ribbit
  6120 | D:8      | Killed Prince Ribbit
  6260 | D:8      | Noticed Gastronok
  6271 | D:8      | Killed Gastronok
  6271 | D:8      | Reached skill level 9 in Fighting
  6271 | D:8      | Reached skill level 12 in Axes
  6271 | D:8      | Reached skill level 9 in Armour
  6271 | D:8      | Reached skill level 8 in Dodging
  6356 | D:9      | Reached **** piety under Trog
  6376 | D:9      | Found a shadowy altar of Dithmenos.
  6536 | D:9      | Found Emnuewk's Food Boutique.
  6586 | D:9      | Found a staircase to the Lair.
  6593 | D:9      | Found a sacrificial altar of Ru.
  6692 | D:9      | Found an oddly glowing altar of Pakellas.
  6693 | D:9      | Found an opulent altar of Gozag.
  6693 | D:9      | Found a stormy altar of Qazlal.
  7111 | D:10     | Entered Level 10 of the Dungeon
  7116 | D:10     | Reached skill level 13 in Axes
  7120 | D:10     | Noticed a manticore
  7138 | D:10     | Killed a manticore
  7253 | D:9      | Reached XP level 11. HP: 47/99 MP: 10/10
  7514 | D:10     | Noticed a hill giant
  7648 | D:10     | Reached skill level 10 in Fighting
  8168 | D:10     | Reached ***** piety under Trog
  8300 | D:11     | Noticed a hill giant
  8317 | D:11     | Killed a hill giant
  8317 | D:11     | Reached skill level 9 in Dodging
  8581 | D:11     | Reached skill level 10 in Armour
  8601 | D:11     | Reached skill level 14 in Axes
  8677 | D:11     | Found a staircase to the Orcish Mines.
  8729 | D:11     | Got a dazzling shield
  8735 | D:11     | Identified the cursed +0 shield of Limitation {rF+ Slay+3} (You found it on level 11 of the Dungeon)
  8895 | D:11     | Noticed a tengu warrior
  8911 | D:11     | Killed a tengu warrior
  9540 | D:11     | Reached skill level 11 in Fighting
  9710 | D:11     | Reached XP level 12. HP: 73/110 MP: 11/11
  9766 | D:10     | Received a gift from Trog
  9820 | Lair:1   | Entered Level 1 of the Lair of Beasts
  9869 | Lair:1   | Reached skill level 10 in Dodging
 10007 | Lair:1   | Reached skill level 15 in Axes
 10891 | Lair:1   | HP: 27/110 [oklob plant/splash of acid (9)]
 10891 | Lair:1   | HP: 11/110 [acid (16)]
 11255 | Lair:2   | Noticed a six-headed hydra
 11257 | Lair:2   | Killed a five-headed hydra
 11257 | Lair:2   | Reached skill level 11 in Armour
 11290 | Lair:2   | Noticed a five-headed hydra
 11302 | Lair:2   | Killed a five-headed hydra
 11442 | Lair:2   | Noticed Harold
 11469 | Lair:2   | Killed Harold
 11699 | Lair:2   | Got a steaming flail
 11700 | Lair:2   | Identified the +6 flail of Raclaoli {crush, +Blink rElec Dex+2 SInv} (You found it on level 2 of the Lair of Beasts)
 12142 | Lair:3   | Reached skill level 12 in Fighting
 12604 | Lair:3   | Reached skill level 11 in Dodging
 12960 | Lair:4   | Noticed Nergalle
 12964 | Lair:4   | Noticed a four-headed hydra
 12967 | Lair:4   | Reached skill level 16 in Axes
 12969 | Lair:4   | Received a gift from Trog
 12983 | Lair:4   | Killed Nergalle
 13286 | Lair:4   | Noticed a catoblepas
 13302 | Lair:4   | Killed a catoblepas
 13302 | Lair:4   | Reached XP level 13. HP: 41/119 MP: 12/12
 13356 | Lair:4   | HP: 29/119 [four-headed hydra (11)]
 13360 | Lair:4   | Reached skill level 12 in Armour
 13360 | Lair:4   | Reached skill level 1 in Evocations
 14048 | Lair:5   | Found a frozen archway.
 14053 | Lair:5   | Got an ichor-stained cloak
 14064 | Lair:5   | Identified the +2 cloak of Autumn {-Tele rElec Int+4} (You found it on level 5 of the Lair of Beasts)
 14068 | IceCv    | Entered an ice cave
 14078 | IceCv    | Killed stickyfingers's ghost
 14482 | IceCv    | Reached skill level 2 in Evocations
 15328 | IceCv    | Got a pitted demon blade
 15329 | IceCv    | Identified the +9 demon blade "Poraett" {flame, *Drain Dex+4} (You found it in an ice cave)
 15463 | Lair:5   | HP: 31/178 [death yak (19)]
 15463 | Lair:5   | HP: 10/178 [death yak (21)]
 15465 | Lair:5   | Slain by a death yak

Vault maps used:
D:1:      onia_arrival_pyramid, minmay_misc_feat_diagonals
D:2:      first_bread
D:3:      minmay_misc_feat_roman, small_statue_intersection
D:4:      nicolae_overflow_hidden_temple, temple_hall, minivault_24,
          uniq_menkaure, uniq_blork_the_orc, uniq_duvessa, uniq_edmund,
          uniq_sigmund
D:5:      kennysheep_mini, uniq_grinder
D:6:      lemuel_round_altar, serial_shops, shop
D:7:      serial_shops, nicolae_shop_statue_plus, shop, uniq_pikel, uniq_joseph
D:8:      serial_shops, shop, uniq_gastronok, uniq_erolcha, uniq_prince_ribbit1
D:9:      grunt_temple_overflow_open, nicolae_dithmenos_the_darkroom,
          lair_0_dummy, serial_shops,
          nicolae_shop_temple_entry_statues_fountains
D:10:     minmay_flawed_box, grunt_ogre_cave
D:11:     david_orc_2, grunt_decor_resistance, introduction_to_nature_2
Lair:1:   minmay_lair_oklob_tunnel
Lair:2:   uniq_harold
Lair:4:   grunt_megastairs_2, uniq_nergalle
Lair:5:   minmay_swamp_entry_worms, spider_nest_entry_funnel_web,
          portal_ice_cave_entry_pillars_02, serial_forest,
          infiniplex_forest_clump_curved, infiniplex_forest_clump_large,
          infiniplex_forest_straight_2, infiniplex_forest_end_1,
          infiniplex_forest_lined_corner, infiniplex_forest_straight_1,
          st_stairs_10
IceCv:    ice_cave_small_demon

Action                   |  1- 3 |  4- 6 |  7- 9 | 10-12 | 13-15 || total
-------------------------+-------+-------+-------+-------+-------++-------
Melee: Hand axe          |    56 |    95 |   117 |       |       ||   268
       War axe           |       |       |    93 |   684 |   157 ||   934
       Flail             |       |       |       |    64 |     7 ||    71
       Dire flail        |       |       |       |     3 |       ||     3
Invok: Berserk           |       |     5 |     6 |     5 |     2 ||    18
       Trog's Hand       |       |       |     2 |     6 |     1 ||     9
       Brothers in Arms  |       |       |       |     1 |       ||     1
  Use: Scroll            |       |       |     9 |    21 |     1 ||    31
       Potion            |       |       |       |     2 |       ||     2
 Stab: Petrified         |       |       |       |       |     1 ||     1
  Eat: Chunk             |     1 |     7 |    15 |    26 |     1 ||    50
       Bread ration      |       |     1 |       |     1 |     1 ||     3
       Royal jelly       |       |       |       |     1 |     1 ||     2
       Pizza             |       |       |       |       |     1 ||     1

Vault maps used:
D:1:      onia_arrival_pyramid, minmay_misc_feat_diagonals
D:2:      first_bread
D:3:      minmay_misc_feat_roman, small_statue_intersection
D:4:      nicolae_overflow_hidden_temple, temple_hall, minivault_24,
          uniq_menkaure, uniq_blork_the_orc, uniq_duvessa, uniq_edmund,
          uniq_sigmund
D:5:      kennysheep_mini, uniq_grinder
D:6:      lemuel_round_altar, serial_shops, shop
D:7:      serial_shops, nicolae_shop_statue_plus, shop, uniq_pikel, uniq_joseph
D:8:      serial_shops, shop, uniq_gastronok, uniq_erolcha, uniq_prince_ribbit1
D:9:      grunt_temple_overflow_open, nicolae_dithmenos_the_darkroom,
          lair_0_dummy, serial_shops,
          nicolae_shop_temple_entry_statues_fountains
D:10:     minmay_flawed_box, grunt_ogre_cave
D:11:     david_orc_2, grunt_decor_resistance, introduction_to_nature_2
Lair:1:   minmay_lair_oklob_tunnel
Lair:2:   uniq_harold
Lair:4:   grunt_megastairs_2, uniq_nergalle
Lair:5:   minmay_swamp_entry_worms, spider_nest_entry_funnel_web,
          portal_ice_cave_entry_pillars_02, serial_forest,
          infiniplex_forest_clump_curved, infiniplex_forest_clump_large,
          infiniplex_forest_straight_2, infiniplex_forest_end_1,
          infiniplex_forest_lined_corner, infiniplex_forest_straight_1,
          st_stairs_10
IceCv:    ice_cave_small_demon

Table legend:
 A = Turns spent in this place as a percentage of turns spent in the entire game.
 B = Non-inter-level travel turns spent in this place as a percentage of non-inter-level travel turns spent in the entire game.
 C = Inter-level travel turns spent in this place as a percentage of turns spent in this place.
 D = Turns resting spent in this place as a percentage of non-inter-level travel turns spent in this place.
 E = Turns spent auto-exploring this place as a percentage of non-inter-level travel turns spent in this place.
 F = Non-inter-level travel turns spent in this place divided by the number of levels of this place that you've seen.
                   A       B       C       D       E      F
               +-------+-------+-------+-------+-------+----------------------
         Total | 100.0 | 100.0 |   0.7 |   3.0 |  11.2 | 209.4
       Dungeon |  66.0 |  65.9 |   0.8 |   3.0 |  12.8 | 213.3
          Lair |  25.4 |  25.4 |   0.7 |   2.7 |  10.2 | 180.8
      Ice Cave |   8.6 |   8.7 |   0.0 |   4.5 |   2.6 | 309.0
               +-------+-------+-------+-------+-------+----------------------

Table legend:
 A = Kills in this place as a percentage of kills in entire the game.
 B = Kills by you in this place as a percentage of kills by you in the entire game.
 C = Kills by friends in this place as a percentage of kills by friends in the entire game.
 D = Other kills in this place as a percentage of other kills in the entire game.
 E = Experience gained in this place as a percentage of experience gained in the entire game.
 F = Experience gained in this place divided by the number of levels of this place that you have seen.
                   A       B       C       D       E      F
               +-------+-------+-------+-------+-------+----------------------
         Total | 100.0 | 100.0 | 100.0 |  -nan | 100.0 | 2783.2
       Dungeon |  67.3 |  67.6 |   0.0 |  -nan |  46.8 | 2011.7
          Lair |  26.6 |  26.3 | 100.0 |  -nan |  44.6 | 4222.4
      Ice Cave |   6.1 |   6.1 |   0.0 |  -nan |   8.6 | 4073.0
               +-------+-------+-------+-------+-------+----------------------
